[Event "-chT Youth Countries 2019"]
[Site "Wuerzburg"]
[Date "2019.10.04"]
[Round "4.6"]
[White "Schwartz, Oliver"]
[Black "Gressler, Christian"]
[Result "1-0"]
[ECO "C02"]
[WhiteElo "1650"]
[BlackElo "1464"]
[Annotator "NA"]
[PlyCount "89"]
[EventDate "2019.10.02"]
[EventType "team-tourn"]
[EventRounds "7"]
[EventCountry "GER"]
[SourceTitle "playchess.com"]
[Source "ChessBase"]
[SourceQuality "1"]
[WhiteTeam "Württemberg"]
[BlackTeam "Mecklenburg-Vorpommern"]
[TimeControl "40/5400+30:1800+30"]

1. e4 e6 2. d4 d5 3. e5 c5 4. c3 Nc6 5. Nf3 Bd7 6. a3 f6 7. Bd3 Qc7 8. Bf4 O-O-O 9. Bc2 h5 10. h3 Be7 11. b4 g5 12. Bg3 h4 13. Bh2 f5 14. bxc5 Nh6 15. Nfd2 Rdg8 16. a4 g4 17. Bf4 Bg5 18. Bxg5 Rxg5 19. Na3 a6 20. Bd3 gxh3 21. gxh3 Nxe5 22. Be2 Nc6 23. Nf3 Rg7 24. Nc2 Nf7 25. Nb4 Ng5 26. Rb1 Nxf3+ 27. Bxf3 Rhg8 28. Kf1 Qa5 29. Qe2 Rg6 30. Nxc6 Bxc6 31. c4 Qxa4 32. cxd5 Bb5 33. Rxb5 Qxb5 34. Qxb5 axb5 35. d6 b4 36. Bd1 Rd8 37. Bb3 b5 38. Ke2 Kd7 39. Ra1 e5 40. Ra7+ Kc8 41. dxe5 Kb8 42. Ra5 Re8 43. e6 Rgxe6+ 44. Bxe6 Rxe6+ 45. Kf3 {[%emt 0:00:00] normal} 1-0

[Event "-chT Youth Countries 2019"]
[Site "Wuerzburg"]
[Date "2019.10.04"]
[Round "4.6"]
[White "Pavlov, Liliane"]
[Black "Wang, Xinyuan"]
[Result "1-0"]
[ECO "E10"]
[WhiteElo "1632"]
[BlackElo "2020"]
[Annotator "NA"]
[PlyCount "91"]
[EventDate "2019.10.02"]
[EventType "team-tourn"]
[EventRounds "7"]
[EventCountry "GER"]
[SourceTitle "playchess.com"]
[Source "ChessBase"]
[SourceQuality "1"]
[WhiteTeam "Team Süd"]
[BlackTeam "Baden 1"]
[TimeControl "40/5400+30:1800+30"]

1. d4 Nf6 2. c4 e6 3. Nf3 d5 4. g3 c6 5. Bg2 Bd6 6. c5 Bc7 7. O-O Nbd7 8. Nc3 b6 9. b4 a5 10. cxb6 Bxb6 11. b5 c5 12. dxc5 Bxc5 13. Na4 Bd6 14. h3 O-O 15. Be3 Rb8 16. Rb1 e5 17. Ba7 Ra8 18. b6 Bb7 19. Qb3 Re8 20. Rfc1 Qe7 21. Qb5 e4 22. Nd4 e3 23. f4 Rec8 24. Nf5 Qe6 25. Nxd6 Qxd6 26. Qxa5 Nh5 27. Rc7 Qg6 28. Qe1 Rxc7 29. bxc7 Bc8 30. Nb6 Nxb6 31. Rxb6 Qf5 32. Rd6 Bd7 33. Rxd5 Qe6 34. Re5 Rxa7 35. Rxe6 fxe6 36. Qc3 Bc8 37. Qc5 Rxa2 38. Qxh5 g6 39. Qb5 e5 40. Bd5+ Kg7 41. Bxa2 exf4 42. Qe5+ Kh6 43. Qxf4+ Kg7 44. Qf7+ Kh6 45. Qf8+ Kh5 46. Qxc8 {[%emt 0:00:32] normal} 1-0

[Event "-chT Youth Countries 2019"]
[Site "Wuerzburg"]
[Date "2019.10.04"]
[Round "4.6"]
[White "Hubert, Charlotte"]
[Black "Reuter, Elisa"]
[Result "0-1"]
[ECO "B30"]
[WhiteElo "1341"]
[BlackElo "1873"]
[Annotator "NA"]
[PlyCount "58"]
[EventDate "2019.10.02"]
[EventType "team-tourn"]
[EventRounds "7"]
[EventCountry "GER"]
[SourceTitle "playchess.com"]
[Source "ChessBase"]
[SourceQuality "1"]
[WhiteTeam "Hamburg/Schleswig-Holstein"]
[BlackTeam "Thüringen"]
[TimeControl "40/5400+30:1800+30"]

1. e4 c5 2. Nf3 Nc6 3. c3 Nf6 4. e5 Nd5 5. d4 cxd4 6. cxd4 d6 7. Bc4 Nb6 8. Bb5 dxe5 9. Nxe5 Bd7 10. Nxd7 Qxd7 11. Nc3 e6 12. O-O Be7 13. Re1 O-O 14. Be3 a6 15. Bf1 Nd5 16. Qd2 Rfd8 17. Red1 Rac8 18. Rac1 Bb4 19. Qe2 Nce7 20. Ne4 Nxe3 21. fxe3 Nd5 22. a3 Be7 23. Qf3 Rxc1 24. Rxc1 Rc8 25. Rxc8+ Qxc8 26. Nf2 Qc1 27. Nd1 Bg5 28. e4 Ne3 29. Qg3 h6 {[%emt 0:00:46] normal} 0-1

[Event "-chT Youth Countries 2019"]
[Site "Wuerzburg"]
[Date "2019.10.04"]
[Round "4.7"]
[White "Wiesner, Paula"]
[Black "Fuchs, Florian"]
[Result "1-0"]
[ECO "D27"]
[WhiteElo "1958"]
[BlackElo "2256"]
[Annotator "NA"]
[PlyCount "95"]
[EventDate "2019.10.02"]
[EventType "team-tourn"]
[EventRounds "7"]
[EventCountry "GER"]
[SourceTitle "playchess.com"]
[Source "ChessBase"]
[SourceQuality "1"]
[WhiteTeam "Berlin"]
[BlackTeam "Bayern 2"]
[TimeControl "40/5400+30:1800+30"]

1. d4 d5 2. c4 dxc4 3. Nf3 Nf6 4. e3 e6 5. Bxc4 c5 6. O-O a6 7. a4 Nc6 8. Nc3 Be7 9. d5 exd5 10. Nxd5 O-O 11. Nxe7+ Qxe7 12. h3 b6 13. b3 Rd8 14. Qe2 Na5 15. Bb2 Nxc4 16. Qxc4 Nd5 17. Ne5 Qe8 18. e4 Nb4 19. Rad1 Be6 20. Qc3 f6 21. Nc4 Qc6 22. Ba3 a5 23. e5 f5 24. Rd6 Rxd6 25. exd6 Kf8 26. Bb2 Ra7 27. Qe5 Bxc4 28. bxc4 Qe4 29. d7 Rxd7 30. Qb8+ Kf7 31. Qxb6 Qxc4 32. Rc1 Qe6 33. Qxe6+ Kxe6 34. Rxc5 Rd1+ 35. Kh2 Nd3 36. Rc6+ Kd5 37. Rb6 g6 38. Bc3 Nxf2 39. Bxa5 f4 40. g4 Ke4 41. Kg2 Ke3 42. Re6+ Ne4 43. Bb6+ Kd3 44. Re7 Rb1 45. a5 Rb2+ 46. Kf3 Nf6 47. Re5 Rb4 48. Bd8 {[%emt 0:00:00] normal} 1-0

[Event "-chT Youth Countries 2019"]
[Site "Wuerzburg"]
[Date "2019.10.04"]
[Round "4.7"]
[White "Bardorz, Jana"]
[Black "Yue, Qizhou"]
[Result "1/2-1/2"]
[ECO "B48"]
[WhiteElo "1929"]
[BlackElo "1810"]
[Annotator "NA"]
[PlyCount "45"]
[EventDate "2019.10.02"]
[EventType "team-tourn"]
[EventRounds "7"]
[EventCountry "GER"]
[SourceTitle "playchess.com"]
[Source "ChessBase"]
[SourceQuality "1"]
[WhiteTeam "Bayern 1"]
[BlackTeam "Rheinland-Pfalz"]
[TimeControl "40/5400+30:1800+30"]

1. e4 c5 2. Nf3 e6 3. d4 cxd4 4. Nxd4 Nc6 5. Nc3 Qc7 6. Be3 a6 7. Qf3 Ne5 8. Qg3 h5 9. h4 d6 10. O-O-O b5 11. a3 Bb7 12. Bf4 O-O-O 13. f3 Nf6 14. Rd2 Be7 15. Be2 Nc4 16. Bxc4 Qxc4 17. Nb3 d5 18. Na5 Qc5 19. Nxb7 Kxb7 20. exd5 Nxd5 21. Nxd5 Rxd5 22. Rxd5 exd5 {[%emt 0:03:00] normal} 23. Rd1 {[%emt 0:03:25] normal} 1/2-1/2

[Event "-chT Youth Countries 2019"]
[Site "Wuerzburg"]
[Date "2019.10.04"]
[Round "4.7"]
[White "Mundt, Alexandra"]
[Black "Buchholz, Maja"]
[Result "1/2-1/2"]
[ECO "C06"]
[WhiteElo "1760"]
[BlackElo "1671"]
[Annotator "NA"]
[PlyCount "86"]
[EventDate "2019.10.02"]
[EventType "team-tourn"]
[EventRounds "7"]
[EventCountry "GER"]
[SourceTitle "playchess.com"]
[Source "ChessBase"]
[SourceQuality "1"]
[WhiteTeam "Schleswig-Holstein"]
[BlackTeam "Hessen"]
[TimeControl "40/5400+30:1800+30"]

1. e4 e6 2. d4 d5 3. Nd2 Nf6 4. e5 Nfd7 5. Bd3 c5 6. c3 Nc6 7. Ne2 cxd4 8. cxd4 f6 9. exf6 Nxf6 10. O-O Bd6 11. Nf3 Qc7 12. h3 O-O 13. Be3 Bd7 14. Nc3 a6 15. Rc1 Be8 16. Ng5 Qe7 17. Re1 h6 18. Nf3 Bh5 19. Be2 Bg6 20. a3 Qf7 21. Qd2 Ne4 22. Nxe4 Bxe4 23. b4 Qf6 24. Qb2 e5 25. dxe5 Nxe5 26. Bd4 Rae8 27. Nxe5 Bxe5 28. Rcd1 Qxf2+ 29. Bxf2 Bxb2 30. Bc5 Rf6 31. Bf3 Bxa3 32. Rxd5 Rfe6 33. Rd7 Bxf3 34. Rxe6 Rxe6 35. gxf3 b6 36. Bd4 Rg6+ 37. Kf2 Bxb4 38. Rb7 Ba5 39. Be3 Kh7 40. Bd4 b5 41. f4 Kg8 42. Rb8+ Kh7 43. Rb7 Bb4 {[%emt 0:01:36] normal} 1/2-1/2

[Event "-chT Youth Countries 2019"]
[Site "Wuerzburg"]
[Date "2019.10.04"]
[Round "4.7"]
[White "Bock, Marlon"]
[Black "Rempe, Mieke"]
[Result "1-0"]
[ECO "D05"]
[WhiteElo "1671"]
[BlackElo "1530"]
[Annotator "NA"]
[PlyCount "69"]
[EventDate "2019.10.02"]
[EventType "team-tourn"]
[EventRounds "7"]
[EventCountry "GER"]
[SourceTitle "playchess.com"]
[Source "ChessBase"]
[SourceQuality "1"]
[WhiteTeam "Thüringen"]
[BlackTeam "Hamburg/Schleswig-Holstein"]
[TimeControl "40/5400+30:1800+30"]

1. d4 Nf6 2. Nf3 d5 3. e3 e6 4. Bd3 b6 5. O-O Bb7 6. b3 Bd6 7. Bb2 O-O 8. Nbd2 Ne4 9. Ne5 f5 10. f4 Nd7 11. Ndf3 Rf6 12. Qe2 Rh6 13. Rac1 Ndf6 14. c4 Ng4 15. Nxg4 fxg4 16. Bxe4 dxe4 17. Ne5 Bxe5 18. fxe5 Rxh2 19. Qxg4 Rh6 20. Ba3 Rg6 21. Qf4 Qe8 22. Rc2 h6 23. Rcf2 Kh7 24. Qf7 Qxf7 25. Rxf7 Rc8 26. Re7 Ba8 27. Rff7 c5 28. dxc5 bxc5 29. Rxa7 Rd8 30. Rad7 Rc8 31. Rc7 Rd8 32. Rfd7 Rxd7 33. Rxd7 Rg5 34. Bb2 Kg6 35. Rc7 {[%emt 0:00:27] normal} 1-0

[Event "-chT Youth Countries 2019"]
[Site "Wuerzburg"]
[Date "2019.10.04"]
[Round "4.7"]
[White "Fischer, Darja"]
[Black "Ensslinger, Colin"]
[Result "0-1"]
[ECO "A52"]
[WhiteElo "1604"]
[BlackElo "1687"]
[Annotator "NA"]
[PlyCount "94"]
[EventDate "2019.10.02"]
[EventType "team-tourn"]
[EventRounds "7"]
[EventCountry "GER"]
[SourceTitle "playchess.com"]
[Source "ChessBase"]
[SourceQuality "1"]
[WhiteTeam "Baden 1"]
[BlackTeam "Team Süd"]
[TimeControl "40/5400+30:1800+30"]

1. d4 Nf6 2. c4 e5 3. dxe5 Ng4 4. Nf3 Nc6 5. h3 Ngxe5 6. e4 Bb4+ 7. Bd2 a5 8. a3 Bxd2+ 9. Nbxd2 d6 10. Be2 Be6 11. O-O O-O 12. Qc2 Qf6 13. Nxe5 Nd4 14. Qd1 dxe5 15. Bg4 Rfd8 16. Bxe6 Nxe6 17. Qe1 Nf4 18. Kh2 Qg5 19. g3 Rd3 20. Rh1 Qh6 21. h4 Ne6 22. Nf1 Nd4 23. Qc1 Qf6 24. f4 Rf3 25. f5 Nb3 26. Qd1 Rf2+ 27. Kh3 Nxa1 28. Qxa1 Qb6 29. Rh2 Rxh2+ 30. Nxh2 Qd4 31. Qb1 f6 32. Qc2 Rd8 33. Qe2 Qd3 34. Qe1 b6 35. Nf1 Qxc4 36. Qb1 Rd3 37. Qe1 Qd4 38. Qe2 c5 39. Kh2 c4 40. Kh3 b5 41. Kh2 b4 42. axb4 axb4 43. Kh3 Rb3 44. Nd2 Rxb2 45. Qxc4+ Qxc4 46. Nxc4 Re2 47. Na5 Rxe4 {[%emt 0:00:00] normal} 0-1

[Event "-chT Youth Countries 2019"]
[Site "Wuerzburg"]
[Date "2019.10.04"]
[Round "4.7"]
[White "Sauer, Tim"]
[Black "Bungarten, Jona"]
[Result "1/2-1/2"]
[ECO "D35"]
[WhiteElo "1597"]
[BlackElo "1669"]
[Annotator "NA"]
[PlyCount "48"]
[EventDate "2019.10.02"]
[EventType "team-tourn"]
[EventRounds "7"]
[EventCountry "GER"]
[SourceTitle "playchess.com"]
[Source "ChessBase"]
[SourceQuality "1"]
[WhiteTeam "Niedersachsen"]
[BlackTeam "Nordrhein-Westfalen"]
[TimeControl "40/5400+30:1800+30"]

1. c4 e6 2. Nc3 d5 3. cxd5 exd5 4. d4 Nf6 5. Bg5 Be7 6. e3 Bf5 7. Bxf6 Bxf6 8. Qb3 c6 9. Qxb7 Qb6 10. Qxb6 axb6 11. Nf3 O-O 12. Be2 Rd8 13. O-O Na6 14. a3 Nc7 15. Rac1 c5 16. Rfd1 c4 17. Na2 b5 18. Nb4 Rd6 19. Ne1 Ra7 20. Bf3 Kf8 21. Kf1 Ra8 22. Ke2 Rad8 23. Rd2 Na8 24. Na2 Rb8 {normal} 1/2-1/2

[Event "-chT Youth Countries 2019"]
[Site "Wuerzburg"]
[Date "2019.10.04"]
[Round "4.7"]
[White "Haubold, Sebastian Marcel"]
[Black "Kempe, Caius Emilian"]
[Result "1/2-1/2"]
[ECO "B35"]
[WhiteElo "1585"]
[BlackElo "1835"]
[Annotator "NA"]
[PlyCount "71"]
[EventDate "2019.10.02"]
[EventType "team-tourn"]
[EventRounds "7"]
[EventCountry "GER"]
[SourceTitle "playchess.com"]
[Source "ChessBase"]
[SourceQuality "1"]
[WhiteTeam "Sachsen-Anhalt"]
[BlackTeam "Sachsen"]
[TimeControl "40/5400+30:1800+30"]

1. e4 c5 2. Nf3 Nc6 3. d4 cxd4 4. Nxd4 g6 5. Nc3 Bg7 6. Be3 Nf6 7. Bc4 O-O 8. Bb3 Re8 9. f3 e6 10. f4 d6 11. h3 Bd7 12. Ndb5 d5 13. Nd6 Re7 14. e5 Ne8 15. Nxb7 Qc7 16. Bc5 Qxb7 17. Bxe7 Nxe7 18. O-O Nf5 19. Qd2 a5 20. a4 Nc7 21. g4 Qa7+ 22. Kh2 Nd4 23. Ba2 Rb8 24. b3 Nc6 25. Rae1 Ne7 26. h4 Rb4 27. h5 Qd4 28. Qxd4 Rxd4 29. hxg6 Nxg6 30. Kg3 Na6 31. Rf3 Nb4 32. Bb1 Rd2 33. Re2 Rxe2 34. Nxe2 Ne7 35. c3 Nbc6 36. Bd3 {[%emt 0:00:57] normal} 1/2-1/2

[Event "-chT Youth Countries 2019"]
[Site "Wuerzburg"]
[Date "2019.10.04"]
[Round "4.7"]
[White "Wucherer, Sophie"]
[Black "Woerz, Ann-Sophie"]
[Result "1-0"]
[ECO "A41"]
[WhiteElo "1531"]
[BlackElo "1500"]
[Annotator "NA"]
[PlyCount "95"]
[EventDate "2019.10.02"]
[EventType "team-tourn"]
[EventRounds "7"]
[EventCountry "GER"]
[SourceTitle "playchess.com"]
[Source "ChessBase"]
[SourceQuality "1"]
[WhiteTeam "Mecklenburg-Vorpommern"]
[BlackTeam "Württemberg"]
[TimeControl "40/5400+30:1800+30"]

1. d4 d6 2. Nf3 Nf6 3. c4 c6 4. Nc3 Nbd7 5. h3 Qc7 6. Qc2 e5 7. e4 Be7 8. g3 O-O 9. Bg2 Re8 10. O-O b6 11. b3 Bb7 12. Bb2 Bf8 13. Rfe1 a6 14. Rad1 b5 15. cxb5 axb5 16. Nxb5 Qb6 17. Nc3 Rac8 18. Qb1 Nh5 19. Na4 Qa7 20. Bc1 exd4 21. Nxd4 c5 22. Nb5 Qa5 23. Na3 Ba6 24. Bd2 Qc7 25. Rc1 Ne5 26. Nb2 Qd7 27. Kh2 Re6 28. Nac4 Rg6 29. Nb6 Qe6 30. Nxc8 Bxc8 31. Rc3 Qf6 32. Rf1 Ba6 33. f4 Bxf1 34. Qxf1 Nc6 35. g4 Qd4 36. Qe1 Nxf4 37. Bxf4 Rf6 38. Bg3 Nb4 39. Qe3 Qxe3 40. Rxe3 Nxa2 41. Nd3 Re6 42. Be1 d5 43. Re2 Nb4 44. Nf4 Bd6 45. Bg3 Bxf4 46. Bxf4 d4 47. e5 Kf8 48. Bd2 {[%emt 0:01:28] normal} 1-0

[Event "-chT Youth Countries 2019"]
[Site "Wuerzburg"]
[Date "2019.10.04"]
[Round "4.8"]
[White "Pohle, Saskia"]
[Black "Voigt, Anastasia"]
[Result "0-1"]
[ECO "C54"]
[WhiteElo "1716"]
[BlackElo "1457"]
[Annotator "NA"]
[PlyCount "36"]
[EventDate "2019.10.02"]
[EventType "team-tourn"]
[EventRounds "7"]
[EventCountry "GER"]
[SourceTitle "playchess.com"]
[Source "ChessBase"]
[SourceQuality "1"]
[WhiteTeam "Sachsen"]
[BlackTeam "Sachsen-Anhalt"]
[TimeControl "40/5400+30:1800+30"]

1. e4 e5 2. Nf3 Nc6 3. d4 exd4 4. Bc4 Bc5 5. c3 Nf6 6. e5 d5 7. exf6 dxc4 8. fxg7 Rg8 9. Bh6 Qd6 10. Qd2 Be6 11. O-O O-O-O 12. Na3 Bxa3 13. bxa3 d3 14. Rab1 Bf5 15. Rb5 Bg6 16. Rfb1 b6 17. a4 a5 18. Bf4 Qe7 {normal} 0-1

[Event "-chT Youth Countries 2019"]
[Site "Wuerzburg"]
[Date "2019.10.04"]
[Round "4.8"]
[White "von Beckh, Frieda"]
[Black "Braeutigam, Katerina"]
[Result "0-1"]
[ECO "B13"]
[WhiteElo "1541"]
[BlackElo "1630"]
[Annotator "NA"]
[PlyCount "96"]
[EventDate "2019.10.02"]
[EventType "team-tourn"]
[EventRounds "7"]
[EventCountry "GER"]
[SourceTitle "playchess.com"]
[Source "ChessBase"]
[SourceQuality "1"]
[WhiteTeam "Hessen"]
[BlackTeam "Schleswig-Holstein"]
[TimeControl "40/5400+30:1800+30"]

1. e4 c6 2. d4 d5 3. exd5 cxd5 4. Bd3 Nc6 5. c3 Qc7 6. Ne2 Bg4 7. O-O e6 8. Qe1 Bd6 9. f3 Bh5 10. Qh4 Nf6 11. Bg5 Bg6 12. Bxg6 fxg6 13. Bxf6 gxf6 14. Qxf6 Kd7 15. f4 Be7 16. Qg7 g5 17. f5 Raf8 18. Ng3 exf5 19. Nxf5 Rhg8 20. Qh6 Kd8 21. Nd2 g4 22. Rae1 Bg5 23. Qe6 Bxd2 24. Re2 Bg5 25. Qxd5+ Qd7 26. Qc5 Rf6 27. Qc4 Rgf8 28. Ng3 Bf4 29. Rfe1 Bxg3 30. hxg3 Qf7 31. Re6 Rh6 32. Qd5+ Kc8 33. Re8+ Rxe8 34. Qxf7 Rxe1+ 35. Kf2 Rhh1 36. Qf5+ Kc7 37. Qf7+ Ne7 38. Qc4+ Kd8 39. Qb5 Rhf1+ 40. Qxf1 Rxf1+ 41. Kxf1 Nf5 42. Kf2 Ke7 43. d5 b5 44. b3 Kd6 45. Ke2 Kxd5 46. Kd3 Nxg3 47. Ke3 Nh5 48. a3 a5 {[%emt 0:00:00] normal} 0-1

[Event "-chT Youth Countries 2019"]
[Site "Wuerzburg"]
[Date "2019.10.04"]
[Round "4.8"]
[White "Ruhmke, Rebecca"]
[Black "Ulrich, Helena Irene"]
[Result "0-1"]
[ECO "B30"]
[WhiteElo "1404"]
[BlackElo "1355"]
[Annotator "NA"]
[PlyCount "86"]
[EventDate "2019.10.02"]
[EventType "team-tourn"]
[EventRounds "7"]
[EventCountry "GER"]
[SourceTitle "playchess.com"]
[Source "ChessBase"]
[SourceQuality "1"]
[WhiteTeam "Hamburg/Schleswig-Holstein"]
[BlackTeam "Thüringen"]
[TimeControl "40/5400+30:1800+30"]

1. e4 c5 2. Nf3 Nc6 3. c3 Nf6 4. e5 Nd5 5. d4 cxd4 6. cxd4 e6 7. Nc3 d6 8. Bb5 Be7 9. O-O O-O 10. Qe2 a6 11. Bd3 Qc7 12. Qe4 f5 13. exf6 Nxf6 14. Qe2 b5 15. Ne4 Nb4 16. Bb1 Nbd5 17. Bg5 Qb7 18. Nxf6+ Nxf6 19. Qd3 g6 20. Bh6 Re8 21. Ng5 Bf8 22. Bxf8 Rxf8 23. h4 Nh5 24. f3 Rf4 25. Bc2 Rxh4 26. Kf2 Rh2 27. Rg1 Nf4 28. Qe4 Qxe4 29. Bxe4 d5 30. Kg3 Rxg2+ 31. Rxg2 Nxg2 32. Kxg2 dxe4 33. fxe4 h6 34. Nf3 Bb7 35. Re1 Rc8 36. Re2 g5 37. Kg3 Rf8 38. Nd2 Rf4 39. Re3 Kg7 40. Re2 h5 41. Nf3 h4+ 42. Kg2 Bxe4 43. Rxe4 Rxe4 {[%emt 0:00:00] normal} 0-1

[Event "-chT Youth Countries 2019"]
[Site "Wuerzburg"]
[Date "2019.10.04"]
[Round "4.8"]
[White "Bakó, Isabella"]
[Black "Visvikis, Kassandra"]
[Result "0-1"]
[ECO "C88"]
[WhiteElo "1266"]
[BlackElo "1531"]
[Annotator "NA"]
[PlyCount "111"]
[EventDate "2019.10.02"]
[EventType "team-tourn"]
[EventRounds "7"]
[EventCountry "GER"]
[SourceTitle "playchess.com"]
[Source "ChessBase"]
[SourceQuality "1"]
[WhiteTeam "Team Süd"]
[BlackTeam "Baden 1"]
[TimeControl "40/5400+30:1800+30"]

1. e4 e5 2. Nf3 Nc6 3. Bb5 a6 4. Ba4 Nf6 5. O-O b5 6. Bb3 Be7 7. Re1 d6 8. c3 Bb7 9. d4 Nb8 10. Nbd2 Nbd7 11. Bc2 O-O 12. Nf1 Re8 13. Ng3 Bf8 14. d5 c6 15. dxc6 Bxc6 16. Nf5 Nc5 17. Nd2 g6 18. Ng3 Qc7 19. Nf3 h6 20. b4 Ne6 21. Be3 Rad8 22. Qd2 Kh7 23. h3 d5 24. exd5 Nxd5 25. Qc1 f5 26. Bd2 Nef4 27. Ne2 Bb7 28. Nxf4 Nxf4 29. Bxf4 exf4 30. Rxe8 Rxe8 31. Qd2 Bg7 32. Re1 Rxe1+ 33. Qxe1 Qxc3 34. Qxc3 Bxc3 35. Kf1 Bxb4 36. Ne5 Kg7 37. Nd3 Bd6 38. f3 Bd5 39. Bb3 Bxb3 40. axb3 a5 41. Ke2 Kf6 42. Kd2 g5 43. Kc3 Be5+ 44. Nxe5 Kxe5 45. b4 axb4+ 46. Kb3 Kd4 47. Kb2 Ke3 48. Kb3 Kf2 49. Kxb4 Kxg2 50. Kxb5 Kxf3 51. Kc4 Ke2 52. Kd4 f3 53. Ke5 f2 54. Kxf5 f1=Q+ 55. Kg4 Qf4+ 56. Kh5 {[%emt 0:00:18] normal} 0-1

[Event "-chT Youth Countries 2019"]
[Site "Wuerzburg"]
[Date "2019.10.04"]
[Round "4.8"]
[White "Reich, Elisabeth"]
[Black "Lorenz, Veronika"]
[Result "0-1"]
[ECO "C44"]
[WhiteElo "1199"]
[BlackElo "1237"]
[Annotator "NA"]
[PlyCount "136"]
[EventDate "2019.10.02"]
[EventType "team-tourn"]
[EventRounds "7"]
[EventCountry "GER"]
[SourceTitle "playchess.com"]
[Source "ChessBase"]
[SourceQuality "1"]
[WhiteTeam "Bayern 2"]
[BlackTeam "Berlin"]
[TimeControl "40/5400+30:1800+30"]

1. e4 e5 2. Nf3 Nc6 3. d4 exd4 4. c3 dxc3 5. Bc4 Bc5 6. Bxf7+ Kxf7 7. Qd5+ Kf8 8. Qxc5+ d6 9. Qxc3 Qf6 10. Qxf6+ Nxf6 11. Nc3 Be6 12. O-O h6 13. Re1 Rd8 14. e5 dxe5 15. Nxe5 Nxe5 16. Rxe5 Kf7 17. Bf4 c6 18. Rae1 Rhe8 19. a3 g5 20. Bg3 Rd2 21. R5e2 Bd7 22. f3 Rdxe2 23. Rxe2 Nd5 24. Rxe8 Kxe8 25. Nxd5 cxd5 26. Bf2 a6 27. h4 g4 28. Be3 h5 29. Kf2 Ke7 30. Bg5+ Kd6 31. Ke3 Kc5 32. Be7+ Kc4 33. Bf6 a5 34. Bc3 a4 35. Bd4 gxf3 36. gxf3 Bh3 37. f4 Bf5 38. Be5 Be4 39. Bd4 b5 40. Bf6 Kc5 41. Bd4+ Kd6 42. Kd2 Ke6 43. Kc3 Kf5 44. Kb4 Bd3 45. Kc5 Bc4 46. Kd6 Kxf4 47. Ke6 Ke4 48. Bc3 d4+ 49. Kf6 dxc3 50. bxc3 Be2 51. Ke6 Kd3 52. Kd5 Kxc3 53. Kc5 Kb3 54. Kb6 Kxa3 55. Ka5 b4 56. Kb6 b3 57. Kc5 b2 58. Kd4 b1=Q 59. Ke3 Qd3+ 60. Kf4 Qd5 61. Ke3 Qc5+ 62. Kxe2 Qc3 63. Kf2 Kb4 64. Ke2 a3 65. Kf2 a2 66. Ke2 a1=Q 67. Kf2 Qab2+ 68. Kf1 Qcc1# {[%emt 0:00:03] normal} 0-1

[Event "-chT Youth Countries 2019"]
[Site "Wuerzburg"]
[Date "2019.10.04"]
[Round "4.8"]
[White "Richter, Johanna"]
[Black "Prinzen, Siri Marleen"]
[Result "0-1"]
[ECO "D00"]
[WhiteElo "942"]
[BlackElo "1520"]
[Annotator "NA"]
[PlyCount "104"]
[EventDate "2019.10.02"]
[EventType "team-tourn"]
[EventRounds "7"]
[EventCountry "GER"]
[SourceTitle "playchess.com"]
[Source "ChessBase"]
[SourceQuality "1"]
[WhiteTeam "Rheinland-Pfalz"]
[BlackTeam "Bayern 1"]
[TimeControl "40/5400+30:1800+30"]

1. d4 d5 2. Bf4 Nf6 3. e3 Bf5 4. Bd3 Bxd3 5. Qxd3 e6 6. Nf3 Nbd7 7. Nbd2 c5 8. c3 Be7 9. Qc2 O-O 10. O-O-O Rc8 11. Rdf1 cxd4 12. exd4 b5 13. Kd1 b4 14. Ke2 bxc3 15. bxc3 Qa5 16. Rc1 Ba3 17. Nb3 Qa6+ 18. Qd3 Qxd3+ 19. Kxd3 Bxc1 20. Rxc1 Ne4 21. Bg3 Nb6 22. Nc5 Nxg3 23. hxg3 Rfd8 24. Nb7 Rd7 25. Nc5 Re7 26. Ne5 f6 27. Ng4 h5 28. Ne3 g6 29. Nb3 e5 30. f4 exd4 31. Nxd4 Rd7 32. f5 Nc4 33. fxg6 Nxe3 34. Kxe3 Rg7 35. Nf5 Re8+ 36. Kd4 Rxg6 37. Rf1 Rg5 38. Nd6 Re6 39. Nb5 Re4+ 40. Kc5 d4+ 41. Kc4 dxc3+ 42. Kd3 Reg4 43. Nxc3 Rxg3+ 44. Kc2 Rxg2+ 45. Kb3 f5 46. Rd1 h4 47. Rd8+ Kh7 48. Rd7+ Rg7 49. Rd5 Rf7 50. Rd3 Rg3 51. Rd1 h3 52. Rh1 Kg6 {[%emt 0:00:11] normal} 0-1

[Event "-chT Youth Countries 2019"]
[Site "Wuerzburg"]
[Date "2019.10.04"]
[Round "5.1"]
[White "Muckle, Julius"]
[Black "Philipp, Mathias"]
[Result "1-0"]
[ECO "D07"]
[WhiteElo "2398"]
[BlackElo "2063"]
[Annotator "NA"]
[PlyCount "83"]
[EventDate "2019.10.02"]
[EventType "team-tourn"]
[EventRounds "7"]
[EventCountry "GER"]
[SourceTitle "playchess.com"]
[Source "ChessBase"]
[SourceQuality "1"]
[WhiteTeam "Rheinland-Pfalz"]
[BlackTeam "Thüringen"]
[TimeControl "40/5400+30:1800+30"]

1. d4 d5 2. c4 Nc6 3. Nc3 Nf6 4. Nf3 dxc4 5. e3 Bg4 6. Bxc4 e6 7. O-O Bb4 8. h3 Bh5 9. Be2 O-O 10. Bd2 Qe7 11. a3 Bxc3 12. Bxc3 Ne4 13. Rc1 Nxc3 14. Rxc3 Qd6 15. Rc5 f5 16. Qc2 Rac8 17. Rc1 Be8 18. b4 a6 19. Ne5 f4 20. Bf3 fxe3 21. fxe3 Nxe5 22. Bxb7 Bg6 23. dxe5 Qb6 24. Be4 Bxe4 25. Qxe4 Rfe8 26. Qc6 Qa7 27. Rd1 Re7 28. Rd7 Kf8 29. Qd6 cxd6 30. Rxc8+ Kf7 31. Rxa7 Rxa7 32. exd6 Kf6 33. Rc7 Ra8 34. d7 Rd8 35. Kf2 Ke5 36. Ra7 Kd5 37. Ke2 Kc4 38. Rxa6 Rxd7 39. Rxe6 Ra7 40. Rc6+ Kb3 41. b5 Kxa3 42. Ra6+ {[%emt 0:00:05] normal} 1-0

[Event "-chT Youth Countries 2019"]
[Site "Wuerzburg"]
[Date "2019.10.04"]
[Round "5.1"]
[White "Svane, Frederik"]
[Black "Roseneck, Jonas"]
[Result "1/2-1/2"]
[ECO "B22"]
[WhiteElo "2360"]
[BlackElo "2402"]
[Annotator "NA"]
[PlyCount "51"]
[EventDate "2019.10.02"]
[EventType "team-tourn"]
[EventRounds "7"]
[EventCountry "GER"]
[SourceTitle "playchess.com"]
[Source "ChessBase"]
[SourceQuality "1"]
[WhiteTeam "Schleswig-Holstein"]
[BlackTeam "Sachsen-Anhalt"]
[TimeControl "40/5400+30:1800+30"]

1. e4 c5 2. c3 Nf6 3. e5 Nd5 4. Nf3 e6 5. d4 cxd4 6. cxd4 d6 7. Bc4 Be7 8. O-O O-O 9. Qe2 b6 10. Nc3 Nxc3 11. bxc3 Bb7 12. Bf4 Nc6 13. Bd3 dxe5 14. dxe5 Na5 15. Rad1 Qc7 16. Ng5 h6 17. Ne4 Rfd8 18. Qg4 Bxe4 19. Bxe4 Rxd1 20. Rxd1 Rd8 21. Rxd8+ Bxd8 22. Bxh6 Qxe5 23. Bd2 Bc7 24. g3 f5 25. Qg6 Qxe4 26. Qe8+ {[%emt 0:00:08] normal} 1/2-1/2

[Event "-chT Youth Countries 2019"]
[Site "Wuerzburg"]
[Date "2019.10.04"]
[Round "5.1"]
[White "Färber, David"]
[Black "Fromm, Marius"]
[Result "1/2-1/2"]
[ECO "D02"]
[WhiteElo "2332"]
[BlackElo "2124"]
[Annotator "NA"]
[PlyCount "43"]
[EventDate "2019.10.02"]
[EventType "team-tourn"]
[EventRounds "7"]
[EventCountry "GER"]
[SourceTitle "playchess.com"]
[Source "ChessBase"]
[SourceQuality "1"]
[WhiteTeam "Baden 2"]
[BlackTeam "Mecklenburg-Vorpommern"]
[TimeControl "40/5400+30:1800+30"]

1. d4 Nf6 2. Nf3 d5 3. Bf4 c5 4. e3 Nc6 5. Nbd2 e6 6. c3 Bd6 7. Bg3 O-O 8. Bd3 b6 9. Qe2 Bb7 10. Rd1 Ne7 11. e4 c4 12. Bc2 dxe4 13. Ng5 b5 14. Ndxe4 Nxe4 15. Nxe4 Bxe4 16. Qxe4 g6 17. O-O Nd5 18. Rc1 Qd7 19. Qe2 Rfc8 20. Be4 Rab8 21. Rfe1 Bxg3 22. hxg3 {[%emt 0:06:24] normal} 1/2-1/2